 Dungeon Crawl Stone Soup version 0.31-a0-175-g9f7f995f2b (webtiles) character file.

Game seed: 7004232592637895683

153 qw the Shooter (level 5, 0/32 HPs)
             Began as a Gargoyle Hunter on June 16, 2023.
             Slain by a gnoll bouda
             ... wielding a +0 whip
              (11 damage)
             ... on level 4 of the Dungeon.
             The game lasted 00:00:58 (2476 turns).

qw the Shooter (Gargoyle Hunter)                    Turns: 2476, Time: 00:00:59

Health: 0/32       AC: 11    Str: 15    XL:     5   Next: 35%
Magic:  5/5        EV: 11    Int:  9    God:
Gold:   119        SH:  0    Dex: 15    Spells: 4/4 levels left

rFire   . . .        Y - +0 shortbow
rCold   . . .        (shield currently unavailable)
rNeg    + . .        b - +0 ring mail
rPois   inf          (no helmet)
rElec   +            (no cloak)
rCorr   .            e - +1 pair of gloves
SInv    .            (no boots)
Will    .....        f - amulet of faith
Stlth   +            (no ring)
HPRegen 0.25/turn    (no ring)
MPRegen 0.09/turn

%: clarity, faith
@: no status effects
A: sickness immunity, AC +4, negative energy resistance 1, electricity
resistance, torment resistance 1, petrification resistance, clarity
a: no special abilities


You were on level 4 of the Dungeon.
You visited 1 branch of the dungeon, and saw 4 of its levels.

You collected 185 gold pieces.
You spent 66 gold pieces at shops.


Innate Abilities, Weirdness & Mutations

You are immune to sickness and miasma.
Your stone body is resilient. (AC +4)
You are immune to poison.
You resist negative energy. (rN+)
You are resistant to electric shocks. (rElec)
You are resistant to unholy torment.
You are immune to petrification.
You possess an exceptional clarity of mind.


   Skills:
 + Level 3.0 Fighting
 - Level 6.0 Ranged Weapons
 - Level 1.0 Armour
 - Level 1.5 Dodging
 - Level 1.1 Stealth


You had 4 spell levels left.
You didn't know any spells.
Your spell library was empty.

Inventory:

Hand Weapons
 Y - a +0 shortbow (weapon)
Armour
 b - a +0 ring mail (worn)
 e - a +1 pair of gloves (worn)
 h - a +2 pair of gloves of strength
 m - a +2 pair of gloves
Jewellery
 f - an amulet of faith (around neck)
 n - a ring of protection from fire
 o - a +6 ring of intelligence
Scrolls
 a - a scroll of identify
Potions
 c - a potion of lignification
 d - a potion of might
 g - a potion of mutation
 i - a potion of curing
 j - a potion of resistance {unknown}
 l - a potion of magic {unknown}

Dungeon Overview and Level Annotations

Branches:
Dungeon (4/15)
 Temple: D:4-7

Altars:
Xom

Shops:
D:3 ?


Message History

You shoot an arrow. The arrow hits the gnoll.
The gnoll is heavily wounded.
The gnoll hits you from afar with a +0 spear.
The gnoll hits you but does no damage.
The gnoll hits you from afar with a +0 spear.
You shoot an arrow. The arrow hits the gnoll!
The gnoll is almost dead.
The gnoll hits you but does no damage. x2
You shoot an arrow. The arrow barely misses the gnoll.
The gnoll hits you but does no damage.
The gnoll bouda calls upon its god to heal the gnoll.
The gnoll is healed somewhat.
The gnoll closely misses you.
You shoot an arrow. The arrow hits the gnoll.
The gnoll is severely wounded.
The gnoll barely misses you. The gnoll bouda closely misses you.
The gnoll hits you from afar with a +0 spear.
You shoot an arrow. The arrow hits the gnoll!
You kill the gnoll!
The gnoll hits you but does no damage.
A gnoll comes into view. It is wielding a +5 whip.
The gnoll bouda hits you with a +0 whip.
Your Ranged Weapons skill increases to level 6!
2474 ||| DRINKING potion of heal wounds.
You feel much better.
The gnoll hits you from afar with a +0 spear.
The gnoll hits you with a +5 whip.
The gnoll bouda barks out a call to the hunt!
The gnolls pick up the pace!
You shoot an arrow. The arrow hits the gnoll bouda.
The gnoll bouda is lightly wounded.
The gnoll hits you from afar with a +0 spear.
The gnoll completely misses you. The gnoll bouda barely misses you.
The gnoll barely misses you. x2
The gnoll bouda barks out a call to the hunt!
You shoot an arrow. The arrow hits the gnoll bouda.
The gnoll bouda is moderately wounded.
The gnoll hits you from afar with a +0 spear!
The gnoll completely misses you.
The gnoll bouda hits you with a +0 whip!
You die...

....'......#......'.###### #.##[
...##......#......### #.#..
...#.......#.......# #.#.#
####.......+.......# #.#.#
...#.......#.......##########.#.#
...##......#......##..........#.#
....+......#......'..########...#
(...##...#####ggg##### ...
.....#.#+# #'#@# ..% ...###
g.g### .#+# ..... ...g.=. .......
....... .......


You could see a gnoll bouda and 2 gnolls.

Vanquished Creatures
  2 gnolls (D:4)
  5 adders
  A worm (D:2)
  2 dart slugs
  15 orcs
  2 ball pythons
  5 endoplasms
  4 giant cockroaches
  3 goblins (D:1)
  7 hobgoblins
  3 jackals (D:2)
  2 bats
  2 frilled lizards
  7 kobolds
  4 rats
64 creatures vanquished.

Notes
Turn   | Place    | Note
-------+----------+-------------------------------------------
     0 | D:1      | qw the Gargoyle Hunter began the quest for the Orb.
     0 | D:1      | Reached XP level 1. HP: 12/12 MP: 1/1
     0 | D:1      | 0 ||| qw: Version: 0.2-a-29-g511e9b1
     0 | D:1      | 0 ||| qw: Game counter: 5808
     0 | D:1      | 0 ||| qw: Always use a shield: true
     0 | D:1      | 0 ||| qw: God list: Okawaru
     0 | D:1      | 0 ||| qw: Allow faded altars: false
     0 | D:1      | 0 ||| qw: Do Orc after D:15 true
     0 | D:1      | 0 ||| qw: Do second Lair branch before Depths: true
     0 | D:1      | 0 ||| qw: Lair rune preference: random
     0 | D:1      | 0 ||| qw: Plans: Normal, Zot:1-4, Slime:5, God:TSO, Crypt,
                  | Tomb, Abyss, Pan, Hells, Win
     0 | D:1      | 0 ||| PLANNING D:1-11
   228 | D:1      | Reached XP level 2. HP: 17/17 MP: 2/2
   434 | D:1      | Found a faded altar of an unknown god.
   705 | D:1      | 705 ||| READING 2 scrolls labelled UMNIDE LECIDIDD.
   706 | D:1      | 706 ||| READING scroll labelled SITELUWAXT.
   707 | D:1      | 707 ||| READING scroll labelled TOGHAU DEMEDGH.
   708 | D:1      | 708 ||| READING scroll labelled BOPPICVAYDE.
   709 | D:1      | 709 ||| READING scroll labelled QAUTHAT QIEQA.
   713 | D:1      | 713 ||| DRINKING 2 lumpy clear potions.
   714 | D:1      | 714 ||| DROPPING scroll of butterflies.
   928 | D:2      | HP: 3/17 [worm (4)]
   932 | D:2      | Reached XP level 3. HP: 5/21 MP: 3/3
  1092 | D:2      | Reached skill level 5 in Ranged Weapons
  1356 | D:2      | Found a shimmering altar of Xom.
  1493 | D:2      | 1493 ||| UPGRADING to +0 pair of gloves.
  1498 | D:2      | 1498 ||| UPGRADING to amulet of faith.
  1503 | D:2      | 1503 ||| DROPPING ring of magical power.
  1504 | D:2      | 1504 ||| READING scroll labelled OMPAT PEEMARCH.
  1553 | D:3      | Found Feco's Magic Scroll Boutique.
  1560 | D:3      | 1560 ||| STAIRDANCE
  1566 | D:2      | Reached skill level 3 in Fighting
  1612 | D:3      | 1612 ||| STAIRDANCE
  1617 | D:2      | HP: 5/23 [orc/+0 falchion (1)]
  1622 | D:2      | HP: 2/23 [orc/+0 falchion (4)]
  1713 | D:2      | 1713 ||| UPGRADING to +0 ring mail.
  1723 | D:2      | 1723 ||| DROPPING +0 leather armour.
  1728 | D:3      | Reached XP level 4. HP: 28/28 MP: 4/4
  1738 | D:3      | 1738 ||| BUYING scroll of identify (22 gold).
  1738 | D:3      | Bought a scroll of identify for 22 gold pieces
  1738 | D:3      | 1738 ||| BUYING scroll of identify (22 gold).
  1738 | D:3      | Bought a scroll of identify for 22 gold pieces
  1738 | D:3      | 1738 ||| BUYING scroll of identify (22 gold).
  1738 | D:3      | Bought a scroll of identify for 22 gold pieces
  1762 | D:3      | Reached skill level 1 in Armour
  2235 | D:3      | 2235 ||| READING scroll labelled EHEFOWKISUL.
  2236 | D:3      | 2236 ||| DRINKING 2 fuming cyan potions.
  2236 | D:3      | Gained mutation: You possess an exceptional clarity of
                  | mind. [potion of mutation]
  2237 | D:3      | 2237 ||| READING 5 scrolls of identify.
  2237 | D:3      | 2237 ||| IDENTIFYING bubbling puce potion
  2238 | D:3      | 2238 ||| READING 4 scrolls of identify.
  2238 | D:3      | 2238 ||| IDENTIFYING cyan potion
  2239 | D:3      | 2239 ||| READING 3 scrolls of identify.
  2239 | D:3      | 2239 ||| IDENTIFYING bubbling emerald potion
  2240 | D:3      | 2240 ||| READING 2 scrolls of identify.
  2240 | D:3      | 2240 ||| IDENTIFYING lumpy white potion
  2241 | D:3      | 2241 ||| DROPPING potion of degeneration.
  2326 | D:4      | Reached XP level 5. HP: 29/32 MP: 5/5
  2410 | D:4      | 2410 ||| READING scroll of enchant armour.
  2410 | D:4      | 2410 ||| ENCHANTING +0 pair of gloves.
  2457 | D:4      | 2457 ||| Stepping ~*~*~tactically~*~*~ (outnumbered).
  2458 | D:4      | 2458 ||| Stepping ~*~*~tactically~*~*~ (outnumbered).
  2460 | D:4      | 2460 ||| Stepping ~*~*~tactically~*~*~ (outnumbered).
  2473 | D:4      | HP: 8/32 [gnoll bouda/+0 whip (5)]
  2474 | D:4      | Reached skill level 6 in Ranged Weapons
  2474 | D:4      | 2474 ||| DRINKING potion of heal wounds.
  2476 | D:4      | Slain by a gnoll bouda

Levels and vault maps discovered:
D:1:      dpeg_arrival_central, layout_basic, basic_ecumenical_altar
D:2:      layout_loops_ring, basic_altar, corner_web_ring
D:3:      layout_rooms, serial_shops, shop, nrook_campfire, dk_vineyard_1,
          small_statue_intersection
D:4:      nicolae_cairo_tiling_very_big, layout_rooms,
          mainiacjoe_overflow_boulevard, nicolae_kite_square_tiling_tiny,
          grunt_decor_one_mirror, minmay_misc_feat_room,
          minmay_fractal_squares_diagonal_5, uniq_crazy_yiuf_cottage, uniq_robin

Skill      XL: |  1  2  3  4  5 |
---------------+----------------+-----
Ranged Weapons | 5 6 |  6.0
Fighting       | 3 |  3.0
Armour         | 1 |  1.0
Dodging        | |  1.5
Stealth        | |  1.1

Action                     |  1- 3 |  4- 6 || total
---------------------------+-------+-------++-------
   Fire: Shortbow          |   135 |    92 ||   227
    Use: Scroll            |     6 |     6 ||    12
         Potion            |     1 |     2 ||     3
 Armour: Leather armour    |    27 |       ||    27
         Ring mail         |     1 |    13 ||    14
  Dodge: Dodged            |    47 |    26 ||    73

Table legend:
 A = Non-vault XP
 B = Vault XP
 C = Vault XP percentage of total XP
 D = Non-vault monster count
 E = Vault monster count
 F = Vault count percentage of total count
                 A         B        C        D         E       F
            +---------+---------+-------+---------+---------+-------
      Total |     217 |       2 |   0.9 |      63 |       1 |   1.6
            +---------+---------+-------+---------+---------+-------
        D:1 |      22 |       0 |   0.0 |      12 |       0 |   0.0
        D:2 |      54 |       0 |   0.0 |      20 |       0 |   0.0
        D:3 |      75 |       0 |   0.0 |      23 |       0 |   0.0
        D:4 |      66 |       2 |   2.9 |       8 |       1 |  11.1
            +---------+---------+-------+---------+---------+-------
